 Dungeon Crawl Stone Soup version 0.17-a0-2231-gd80ca38 (webtiles) character file.

371 kae the Quickloader (level 7, 0/40 HPs)
             Began as a Kobold Hunter on Oct 29, 2015.
             Was an Initiate of Okawaru.
             Killed by divine providence
             ... invoked by an orc priest
              (11 damage)
             ... on level 4 of the Dungeon.
             The game lasted 00:05:27 (3626 turns).

kae the Quickloader (Kobold Hunter)                 Turns: 3626, Time: 00:05:28

Health: 0/40       AC:  5    Str: 10    XL:     7   Next: 2%
Magic:  7/7        EV: 15    Int:  9    God:    Okawaru [......]
Gold:   205        SH:  0    Dex: 19    Spells: 0 memorised, 6 levels left

rFire  . . .     SeeInvis .     a - +1 hand crossbow
rCold  . . .     Clarity  .     d - +1 leather armour
rNeg   . . .     SustAt   .     (shield restricted)
rPois  .         Gourm    .     m - +0 helmet
rElec  .         Spirit   .     (no cloak)
rCorr  .         Warding  .     (no gloves)
rMut   .         Stasis   .     (no boots)
MR     .....                    (no amulet)
Stlth  ++........               (no ring)
                                (no ring)

@: not resistant to hostile enchantments, unstealthy
A: carnivore 3
a: Renounce Religion


You were on level 4 of the Dungeon.
You worshipped Okawaru.
Okawaru was noncommittal.
You were completely stuffed.

You visited 2 branches of the dungeon, and saw 5 of its levels.

You collected 205 gold pieces.

Inventory:

Hand Weapons
 a - a +1 hand crossbow (weapon)
 b - a +0 short sword
Missiles
 c - a bolt (quivered)
Armour
 d - a +1 leather armour (worn)
 m - a +0 helmet (worn)
Jewellery
 i - an uncursed ring of protection from magic {unknown}
 x - an uncursed ring of sustain attributes {unknown}
Wands
 s - a wand of frost (18)
Scrolls
 g - 2 scrolls of remove curse
 h - 4 scrolls of identify
 k - a scroll of immolation
 l - a scroll of enchant armour
 v - a scroll of recharging {unknown}
Potions
 n - a potion of lignification
 p - a potion of degeneration
 r - a potion of berserk rage
 t - a potion of heal wounds {unknown}
 u - a potion of might {unknown}
Comestibles
 e - 2 meat rations
 j - a royal jelly
 o - a slice of pizza
 q - 2 beef jerkies
 w - a chunk of flesh


   Skills:
 - Level 2.1 Fighting
 + Level 9.3 Crossbows
 - Level 2.4 Dodging
 - Level 1.3 Stealth


You had 6 spell levels left.
You didn't know any spells.

Dungeon Overview and Level Annotations

Branches:
Dungeon (4/15)             Temple (1/1) D:4

Altars:
Ashenzari
Dithmenos
Gozag
Okawaru
Qazlal
Vehumet
Zin
The Shining One

Annotations:
D:4 chonchonts's ghost, amateur GrFi


Innate Abilities, Weirdness & Mutations

You are small and have problems with some larger weapons.
You are carnivorous and can eat meat at any time.


Message History

p - a potion of degeneration The orc wizard mumbles some strange words.
The orc wizard flickers and vanishes!
Deactivating autopickup; reactivate with Ctrl-A.
Something barely misses you.
Read which item? (? for menu, Esc to quit)
As you read the scroll labeled HUKASO XA DABU, it crumbles to dust.
It is a scroll of enchant armour.
Enchant which item? (? for menu, Esc to quit)
Your +0 leather armour glows green for a moment.
Something hits you.
Read which item? (? for menu, Esc to quit)
As you read the scroll labeled WIMYAM VEXT, it crumbles to dust.
The creatures around you are filled with an inner flame!
It was a scroll of immolation.
Something hits you.
* * * LOW HITPOINT WARNING * * *
Something barely misses you.
The orc priest calls down the wrath of Beogh upon you.
Something smites you!
You die...

#>.............# #######
#..............# ......#
#..............# ......#
##.........)..##
......######..........##
......##......####.###########
....##*#...#### #.#####.....#
.....###...#######.(.#.#.#.#.##
...........o.oK{@..##.........#
..#..##....#######...#..)....##
..##.......# ##...........#
..###......##### #..#..>....##
...............# #......รท....#
)......###.###.##
#..#.......### ..###### #.#
#[.###............# ..#
#.####..##..#.#.#.#.#.# ..#
#..# ##.....#.#<#.#...#


You could see a big kobold (inner flame), an orc priest (inner flame) and an orc
(inner flame).

Vanquished Creatures
  An ogre (D:4)
  A centaur skeleton (D:4)
  Ijyb (D:3)
  An orc priest (D:3)
  Jessica (D:3)
  Terence (D:3)
  Natasha (thrice) (D:3)
  Robin (D:3)
  3 adders
  An ooze (D:4)
  A worm (D:3)
  5 orcs (D:3)
  4 giant cockroaches
  8 hobgoblins
  5 jackals
  3 kobolds
  3 quokkas (D:2)
  5 bats
  5 giant geckos
  4 giant newts
  14 goblins
  A jackal skeleton (D:4)
  7 rats
79 creatures vanquished.

Notes
Turn   | Place    | Note
--------------------------------------------------------------
     0 | D:1      | kae the Kobold Hunter began the quest for the Orb.
     0 | D:1      | Reached XP level 1. HP: 12/12 MP: 1/1
    42 | D:1      | Reached skill level 5 in Crossbows
   308 | D:1      | Reached XP level 2. HP: 17/17 MP: 2/2
   592 | D:1      | Reached XP level 3. HP: 4/21 MP: 3/3
   878 | D:2      | Reached skill level 6 in Crossbows
  1299 | D:2      | Reached XP level 4. HP: 23/26 MP: 4/4
  1589 | D:3      | Noticed Natasha
  1594 | D:3      | Killed Natasha
  1619 | D:4      | Noticed an ogre
  1623 | D:4      | Killed an ogre
  1623 | D:4      | Reached skill level 7 in Crossbows
  1623 | D:4      | Reached XP level 5. HP: 2/30 MP: 5/5
  1847 | D:4      | Reached skill level 8 in Crossbows
  2080 | D:4      | Noticed chonchonts's ghost (amateur GrFi)
  2090 | D:3      | Noticed Jessica
  2092 | D:3      | Reached XP level 6. HP: 33/35 MP: 6/6
  2123 | D:3      | Killed Jessica
  2236 | D:3      | Noticed Terence
  2238 | D:3      | Killed Terence
  2291 | D:3      | Noticed Natasha
  2297 | D:3      | Killed Natasha
  2343 | D:3      | Found a shadowy altar of Dithmenos.
  2374 | D:3      | Found an opulent altar of Gozag.
  2376 | D:3      | Found a glowing silver altar of Zin.
  2418 | D:3      | Reached skill level 9 in Crossbows
  2577 | D:3      | Noticed Robin
  2600 | D:3      | Killed Robin
  2661 | D:3      | Noticed Natasha
  2663 | D:3      | Killed Natasha
  2820 | D:3      | Noticed Ijyb
  2841 | D:3      | Killed Ijyb
  3342 | D:4      | Found a staircase to the Ecumenical Temple.
  3348 | Temple   | Entered the Ecumenical Temple
  3421 | Temple   | Became a worshipper of Warmaster Okawaru
  3445 | D:4      | Reached XP level 7. HP: 36/40 MP: 7/7
  3591 | D:4      | Noticed a big kobold
  3626 | D:4      | Killed from afar by an orc priest

Vault maps used:
D:1:      matt_arrival_refuge, minmay_misc_feat_doors
D:2:      first_bread
D:3:      grunt_temple_overflow_gold_and_silver, overflow_temple_1_default,
          uniq_natasha, uniq_iyjb, uniq_robin, uniq_jessica, uniq_terence
D:4:      minmay_temple_entry_butterflies, gup_sewer_entry_bubbles, st_stairs_4
Temple:   hc_temple_tempest_star_small

Action                   |  1- 3 |  4- 6 |  7- 9 || total
-------------------------+-------+-------+-------++-------
Melee: Short sword       |   127 |    77 |    21 ||   225
 Fire: Hand crossbow     |     3 |    79 |     6 ||    88
  Use: Potion            |     1 |     3 |       ||     4
       Scroll            |       |       |     5 ||     5
 Stab: Sleeping          |     2 |     1 |       ||     3
  Eat: Chunk             |    10 |     6 |     2 ||    18
